 Dungeon Crawl Stone Soup version 0.22-a0-460-g49b1da7 (webtiles) character file.

30952 opiumtea the Protected (level 13, 0/113 HPs)
             Began as a Minotaur Berserker on June 9, 2018.
             Was a High Priest of Trog.
             Slain by a komodo dragon (48 damage)
             ... on level 4 of the Lair of Beasts.
             The game lasted 01:40:06 (18523 turns).

opiumtea the Protected (Minotaur Berserker)        Turns: 18523, Time: 01:40:07

Health: 0/113      AC: 18    Str: 24    XL:     13   Next: 23%
Magic:  19/19      EV:  8    Int:  4    God:    Trog [*****.]
Gold:   1095       SH:  0    Dex: 17    Spells: 12/12 levels left

rFire    . . .     SeeInvis .   a - +10 hand axe of Dutz {venom, Dex+4}
rCold    . . .     Gourm    .   j - +0 large shield
rNeg     . . .     Faith    .   H - +0 plate armour
rPois    +         Spirit   .   (helmet restricted)
rElec    .         Reflect  .   M - +0 cloak
rCorr    .         Harm     .   E - +0 pair of gloves
MR       .....                  (no boots)
Stlth    ..........             (no amulet)
HPRegen  0.28/turn              v - +2 ring of evasion
MPRegen  0.16/turn              C - ring of poison resistance

@: sleeping
A: retaliatory headbutt, horns 2
a: Berserk, Trog's Hand, Brothers in Arms, Renounce Religion


You were on level 4 of the Lair of Beasts.
You worshipped Trog.
Trog was extremely pleased with you.
You were not hungry.

You visited 2 branches of the dungeon, and saw 18 of its levels.
You also visited: Sewer.

You collected 1095 gold pieces.

Inventory:

Hand Weapons
 a - the +10 hand axe of Dutz (weapon) {venom, Dex+4}
   (You found it on level 8 of the Dungeon)

   It poisons the flesh of those it strikes.
   It affects your dexterity (+4).
 b - a +3 hunting sling
 R - a +1 long sword
 Y - a +1 rapier of protection
Missiles
 g - 449 stones (quivered)
 o - 269 sling bullets
Armour
 j - a +0 large shield (worn)
 m - a +1 leather armour of cold resistance
 u - a +0 chain mail
 x - the +4 ring mail "Koco" {rN++ rCorr Str-3}
   (You found it on level 4 of the Dungeon)

   It affects your strength (-3).
   It greatly protects you from negative energy.
   It protects you from acid and corrosion.
 E - a +0 pair of gloves (worn)
 H - a +0 plate armour (worn)
 M - a +0 cloak (worn)
 P - a +0 chain mail of poison resistance
 S - a +3 buckler of fire resistance
 V - the +2 ring mail "Rebbao" {rC- Regen+ Int+4 Stlth+}
   (You found it on level 3 of the Lair of Beasts)

   It affects your intelligence (+4).
   It makes you vulnerable to cold.
   It increases your rate of regeneration.
   It makes you more stealthy.
Jewellery
 v - a +2 ring of evasion (left hand)
 C - a ring of poison resistance (right hand)
 I - an uncursed ring of see invisible
Wands
 p - a wand of paralysis (12)
 q - a wand of polymorph (8)
 A - a wand of iceblast (6)
 J - a wand of acid (23)
 N - a wand of flame (27)
 Z - a wand of disintegration (12)
Scrolls
 c - 8 scrolls of remove curse
 s - 2 scrolls of fear
 z - 8 scrolls of teleportation
 F - 3 scrolls of identify
Potions
 d - 4 potions of flight
 e - 3 potions of degeneration
 f - 5 potions of agility
 h - 3 potions of heal wounds
 i - a potion of berserk rage {unknown}
 k - 5 potions of invisibility
 l - 2 potions of ambrosia
 n - 6 potions of curing
 r - 6 potions of brilliance
 B - 5 potions of might
 D - 2 potions of lignification
 G - a potion of haste
Miscellaneous
 U - a sack of spiders
Comestibles
 t - 22 rations


   Skills:
 - Level 10.1 Fighting
 - Level 9.3 Long Blades
 - Level 11.0 Axes
 - Level 10.0 Slings
 - Level 11.7 Armour
 - Level 6.2 Dodging
 + Level 1.5 Shields
 - Level 10.0 Evocations


You had 12 spell levels left.
You didn't know any spells.
Your spell library was empty.

Dungeon Overview and Level Annotations

Branches:
Dungeon (12/15)            Temple (0/1) D:4            Lair (6/6) D:10
  Swamp (0/4) Lair:3       Spider (0/4) Lair:3          Orc (0/2) D:9
  Slime: Lair:5-6

Altars:
Elyvilon
Gozag
Hepliaklqana
Kikubaaqudgha
Ru
Vehumet
Xom
The Shining One

Annotations:
D:8 Psyche
Lair:2 exclusion: lindwurm
Lair:4 exclusions: oklob plant and torpor snail


Innate Abilities, Weirdness & Mutations

You reflexively headbutt those who attack you in melee.
You have a pair of horns on your head.


Message History

The dream sheep bites something but does no damage.
You hear a shout!
The komodo dragon bites you!
You hit the komodo dragon.
The komodo dragon looks as sick as possible!
You headbutt the komodo dragon.
The komodo dragon is heavily wounded.
The dream sheep barely misses something.
You block the komodo dragon's attack.
You hear a shout!
Okay, then.
The dream sheep ruffle their wool and motes of dream dust sparkle, to no effect.
The dream sheep bites something!
The dream sheep shake their wool and sparkle.
You feel drowsy...
You fall asleep.
You hear a shout!
A dream sheep comes into view.
The komodo dragon bites you but does no damage.
The komodo dragon bites you!!!
You die...

# ##P##.+.###.##.######..## #
#####...##.### #...# #
#..##.....## ./..# ##
#.###.#..+## P.### .#
##.........# ###.## .#
#.........### #....#
.####...........## #....####..
..............#..###.T..YYY..#
....+:..........@l.#.....##...
.####.........###Y.TYY....# ##
#.........##P.......###
#.........###..+....#
#.##.###.P# ####....# ######
#### ######


You could see a komodo dragon, 3 dream sheep and a friendly iron troll
(berserk).

Vanquished Creatures
  A two-headed ogre (D:8)
  A tengu warrior (D:11)
  3 death yaks
  The ghost of PeterLawrence the Basher, a novice MiFi (D:9)
  A lindwurm (Lair:2)
  4 black mambas
  6 spiny frogs
  2 torpor snails (Lair:4)
  2 rime drakes
  5 komodo dragons
  A merfolk (D:10)
  A polar bear (Lair:4)
  3 trolls
  2 hornets (D:9)
  A jumping spider (Lair:3)
  7 hippogriffs
  A dream sheep (Lair:4)
  9 blink frogs (Lair:4)
  A wyvern (D:8)
  4 redbacks (Lair:3)
  38 yaks
  2 steam dragons
  2 wargs (D:9)
  The ghost of Ajdolov the Twirler, an amateur GrGl (D:4)
  10 water moccasins
  9 porcupines
  2 necrophages
  4 orc warriors
  3 phantoms
  A sky beast (D:5)
  A black bear (D:10)
  3 ogres
  12 wolves
  6 centaurs
  4 crocodiles
  6 big kobolds (Sewer)
  14 bullfrogs
  5 scorpions
  10 killer bees
  4 wights (D:7)
  2 howler monkeys (D:7)
  2 crimson imps
  A quasit (D:9)
  4 orc priests
  A bullfrog zombie (D:8)
  4 jellies
  11 orc wizards
  2 centaur skeletons
  4 hounds
  4 bullfrog skeletons
  5 iguanas
  7 hell rats
  5 worker ants
  A hound zombie (D:9)
  A hound skeleton (D:5)
  A worker ant zombie (D:8)
  13 adders
  A river rat (D:10)
  2 shadow imps
  4 oozes
  An adder skeleton (D:5)
  An adder zombie (D:6)
  7 worms
  5 dart slugs
  10 leopard geckos
  33 orcs
  3 bat zombies (D:2)
  5 giant cockroaches
  7 hobgoblins
  11 jackals
  7 quokkas
  3 ball pythons
  9 bats
  8 frilled lizards
  11 goblins
  9 kobolds
  3 leopard gecko skeletons
  16 rats
  3 plants
420 creatures vanquished.

Vanquished Creatures (collateral kills)
  3 hydras
  A yak (Lair:2)
  A crocodile (Lair:5)
5 creatures vanquished.

Vanquished Creatures (others)
  A hound (D:8)
  4 fungi
  4 plants
9 creatures vanquished.

Grand Total: 434 creatures vanquished

Notes
Turn   | Place    | Note
-------+----------+-------------------------------------------
     0 | D:1      | opiumtea the Minotaur Berserker began the quest for the Orb.
     0 | D:1      | Reached XP level 1. HP: 19/19 MP: 0/0
   483 | D:1      | Reached XP level 2. HP: 25/27 MP: 1/1
  1186 | D:2      | Reached XP level 3. HP: 33/34 MP: 2/2
  1491 | D:2      | Reached ** piety under Trog
  1599 | D:2      | Noticed a phantom
  1825 | D:2      | Killed a phantom
  1825 | D:2      | Reached skill level 5 in Fighting
  1825 | D:2      | Reached skill level 5 in Long Blades
  1825 | D:2      | Reached XP level 4. HP: 42/42 MP: 3/3
  1825 | D:2      | Reached XP level 5. HP: 49/49 MP: 4/4
  1902 | D:2      | Found an ancient bone altar of Kikubaaqudgha.
  2139 | D:3      | Reached skill level 1 in Slings
  2347 | D:3      | Reached XP level 6. HP: 56/56 MP: 5/5
  2554 | D:3      | Reached *** piety under Trog
  2839 | D:4      | Noticed Ajdolov's ghost (amateur GrGl)
  2855 | D:4      | Killed Ajdolov's ghost
  2855 | D:4      | Reached skill level 5 in Slings
  3103 | D:4      | Found a staircase to the Ecumenical Temple.
  3330 | D:4      | Reached XP level 7. HP: 52/61 MP: 6/6
  3332 | D:4      | Received a gift from Trog
  3428 | D:4      | Found a radiant altar of Vehumet.
  3446 | D:4      | Found a white marble altar of Elyvilon.
  3687 | D:4      | Got a topaz-encrusted ring mail
  3698 | D:4      | Identified the +4 ring mail "Koco" {rN++ rCorr Str-3} (You found it on level 4 of the Dungeon)
  3978 | D:5      | Entered Level 5 of the Dungeon
  4238 | D:5      | Found a shimmering altar of Xom.
  4744 | D:6      | Reached XP level 8. HP: 69/75 MP: 7/7
  4909 | D:6      | Found a glowing drain.
  4945 | Sewer    | Entered a sewer
  4995 | Sewer    | Received a gift from Trog
  5141 | Sewer    | Reached skill level 10 in Fighting
  5420 | Sewer    | Reached **** piety under Trog
  5590 | Sewer    | Reached skill level 5 in Armour
  5839 | D:6      | Found a glowing golden altar of the Shining One.
  5901 | D:6      | Received a gift from Trog
  6196 | D:6      | Found a hazy altar of Hepliaklqana.
  6330 | D:7      | Reached XP level 9. HP: 60/85 MP: 8/8
  6845 | D:7      | Found a sacrificial altar of Ru.
  6962 | D:8      | Got a polished hand axe
  7075 | D:8      | Noticed Psyche
  7083 | D:8      | Noticed a two-headed ogre
  7093 | D:8      | Killed a two-headed ogre
  7612 | D:8      | Reached XP level 10. HP: 87/93 MP: 9/9
  7813 | D:8      | Found an opulent altar of Gozag.
  7905 | D:9      | Received a gift from Trog
  8619 | D:9      | Noticed PeterLawrence's ghost (novice MiFi)
  8653 | D:9      | Killed PeterLawrence's ghost
  8653 | D:9      | Reached ***** piety under Trog
  9247 | D:9      | Found a staircase to the Orcish Mines.
  9342 | D:9      | Paralysed by a hornet for 3 turns
  9838 | D:10     | Entered Level 10 of the Dungeon
 10089 | D:10     | Reached XP level 11. HP: 78/99 MP: 10/10
 10381 | D:10     | Reached skill level 10 in Slings
 10446 | D:10     | Noticed a death yak
 10447 | D:10     | Noticed a death yak
 10471 | D:10     | Noticed a death yak
 10475 | D:10     | Killed a death yak
 10645 | D:9      | Killed a death yak
 10645 | D:9      | Reached skill level 5 in Dodging
 10860 | D:10     | Killed a death yak
 10917 | D:10     | Found a staircase to the Lair.
 10973 | D:10     | Reached skill level 1 in Evocations
 11226 | D:10     | You fall through a shaft!
 11460 | D:11     | Received a gift from Trog
 12558 | D:12     | Noticed a tengu warrior
 12558 | D:12     | Noticed a deep elf mage
 12558 | D:12     | Noticed a four-headed hydra
 12558 | D:12     | Noticed a centaur warrior
 12558 | D:12     | Noticed a rakshasa
 12780 | Lair:1   | Entered Level 1 of the Lair of Beasts
 12922 | Lair:1   | Received a gift from Trog
 12994 | Lair:1   | Reached skill level 5 in Evocations
 13510 | D:11     | Killed a tengu warrior
 13534 | D:11     | Identified the +10 hand axe of Dutz {venom, Dex+4} (You found it on level 8 of the Dungeon)
 13620 | Lair:1   | Noticed a four-headed hydra
 13625 | Lair:1   | Killed a four-headed hydra
 14156 | Lair:2   | Reached skill level 5 in Axes
 14185 | Lair:2   | Noticed a six-headed hydra
 14446 | Lair:2   | Reached XP level 12. HP: 62/106 MP: 15/15
 14754 | Lair:2   | Noticed a five-headed hydra
 14773 | Lair:1   | Killed a six-headed hydra
 16249 | Lair:3   | You fall through a shaft for 3 floors!
 16249 | Lair:6   | Entered Level 6 of the Lair of Beasts
 16269 | Lair:5   | Noticed a four-headed hydra
 16275 | Lair:5   | Killed a four-headed hydra
 16725 | Lair:3   | Reached skill level 10 in Evocations
 17005 | Lair:3   | Reached XP level 13. HP: 77/113 MP: 19/19
 17175 | Lair:3   | Found a hole to the Spider Nest.
 17183 | Lair:3   | Got a blackened ring mail
 17200 | Lair:3   | Identified the +2 ring mail "Rebbao" {rC- Regen+ Int+4 Stlth+} (You found it on level 3 of the Lair of Beasts)
 17215 | Lair:3   | Found a staircase to the Swamp.
 17841 | Lair:4   | Reached skill level 10 in Axes
 18016 | Lair:4   | Found a runed door.
 18488 | Lair:4   | Reached skill level 1 in Shields
 18523 | Lair:4   | Slain by a komodo dragon

Vault maps used:
D:1:      minmay_arrival_solitary_statue, minmay_cupped
D:2:      lemuel_zombie_altar_kikubaaqudgha
D:3:      cheibrodos_pilgrimage
D:4:      nicolae_overflow_hidden_temple, minmay_temple_entry_from_below_a,
          first_ration
D:5:      lemuel_doored_altar
D:6:      marbit_many_paths, tso_metal_star, portal_sewer_entry_a
D:7:      nicolae_ru_sacrificial_ziggurat
D:8:      serial_curves, eino_curves_01, eino_curves_02,
          grunt_gozag_breadcrumbs, uniq_psyche
D:9:      david_orc_1_choice
D:10:     dpeg_lair_monsters, hangedman_fish_farm, minmay_tree_intersection
D:12:     minmay_the_grid_octo_2x2
Lair:1:   hangedman_lair_unloving_vines, serial_bayou_crossing,
          lemuel_fruit_tree
Lair:2:   nicolae_volcano_entry_vermiform
Lair:3:   minmay_swamp_entry_reptiles, spider_nest_entry_a, beast_lair_carwin_8
Lair:4:   pf_torpor_hydra, minmay_lair_oklob_chamber, grunt_megastairs_3
Lair:5:   dpeg_slime_entry_enclosed_altar
Lair:6:   wormcave, hangedman_lair_tendril_chambers
Sewer:    sewer_co_tree

Skill      XL: |  1  2  3  4  5  6  7  8  9 10 11 12 13 |
---------------+----------------------------------------+-----
Fighting       | 4 5 8 10 | 10.1
Long Blades    | 4 5 9 |  9.3
Slings         | 3 6 9 10 | 10.0
Armour         | 6 11 | 11.7
Dodging        | 6 |  6.2
Evocations     | 5 10 | 10.0
Axes           | 5 9 11 | 11.0
Shields        | 1 |  1.5

Action                   |  1- 3 |  4- 6 |  7- 9 | 10-12 | 13-15 || total
-------------------------+-------+-------+-------+-------+-------++-------
Melee: Falchion          |    74 |   122 |   250 |   385 |       ||   831
       Headbutt          |    10 |    25 |    61 |   193 |    30 ||   319
       Hand axe          |       |       |       |   265 |    85 ||   350
       Rapier            |       |       |       |       |    22 ||    22
 Fire: Hunting sling     |       |     1 |   180 |    63 |       ||   244
Throw: Stone             |       |       |       |     4 |       ||     4
Invok: Berserk           |     2 |     4 |     4 |    14 |       ||    24
       Trog's Hand       |       |       |     1 |       |       ||     1
       Brothers in Arms  |       |       |       |     5 |     1 ||     6
Evoke: Wand              |       |       |       |     4 |     2 ||     6
  Use: Scroll            |     7 |     3 |     8 |     9 |     4 ||    31
       Potion            |       |       |       |     1 |       ||     1
 Stab: Sleeping          |     1 |       |       |       |       ||     1
  Eat: Ration            |     1 |     1 |     2 |     9 |     2 ||    15
       Chunk             |       |     6 |    12 |    13 |     1 ||    32
Armor: Animal skin       |    11 |       |       |       |       ||    11
       Ring mail         |     8 |    44 |    79 |    59 |       ||   190
       Leather armour    |       |       |     3 |       |       ||     3
       Plate armour      |       |       |       |   244 |    33 ||   277
Dodge: Dodged            |    48 |    55 |   182 |   350 |    31 ||   666
Block: Buckler           |       |       |       |    77 |    15 ||    92
       Large shield      |       |       |       |       |     9 ||     9
       Rpst.: Falchion   |     8 |    11 |    55 |    45 |       ||   119

Table legend:
 A = Spawn XP
 B = Non-spawn XP
 C = Spawn XP percentage of total XP
 D = Spawn monster count
 E = Non-spawn monster count
 F = Spawn count percentage of total count
 G = Total turns spent on level
                    A         B        C        D         E        F      G
               +---------+---------+-------+---------+---------+-------+---------
         Total |       0 |   44218 |   0.0 |       0 |     423 |   0.0 | 18523
               +---------+---------+-------+---------+---------+-------+---------
           D:1 |       0 |      34 |   0.0 |       0 |      12 |   0.0 |  1405
           D:2 |       0 |     188 |   0.0 |       0 |      28 |   0.0 |   657
           D:3 |       0 |     233 |   0.0 |       0 |      40 |   0.0 |   717
           D:4 |       0 |     532 |   0.0 |       0 |      16 |   0.0 |  1199
           D:5 |       0 |     367 |   0.0 |       0 |      17 |   0.0 |   752
           D:6 |       0 |     739 |   0.0 |       0 |      27 |   0.0 |   902
           D:7 |       0 |     835 |   0.0 |       0 |      14 |   0.0 |   659
           D:8 |       0 |    2414 |   0.0 |       0 |      33 |   0.0 |  1044
           D:9 |       0 |    5185 |   0.0 |       0 |      36 |   0.0 |  2191
          D:10 |       0 |    4157 |   0.0 |       0 |      29 |   0.0 |  1376
          D:11 |       0 |    1447 |   0.0 |       0 |      13 |   0.0 |  1156
          D:12 |       0 |     474 |   0.0 |       0 |       6 |   0.0 |   185
        Lair:1 |       0 |    3908 |   0.0 |       0 |      15 |   0.0 |  1619
        Lair:2 |       0 |    4099 |   0.0 |       0 |      19 |   0.0 |  1205
        Lair:3 |       0 |    7945 |   0.0 |       0 |      40 |   0.0 |  1515
        Lair:4 |       0 |    8837 |   0.0 |       0 |      42 |   0.0 |  1088
        Lair:5 |       0 |    1456 |   0.0 |       0 |       5 |   0.0 |   159
        Lair:6 |       0 |     698 |   0.0 |       0 |       3 |   0.0 |    20
         Sewer |       0 |     670 |   0.0 |       0 |      28 |   0.0 |   674
               +---------+---------+-------+---------+---------+-------+---------
